 Dungeon Crawl Stone Soup version 0.29-a0-23-ga79f92ac9c (webtiles) character file.

Game seed: 11897870509828996590

21609 freelancePsychic the Bludgeoner (level 12, -5/101 HPs)
             Began as a Hill Orc Monk on Jan 30, 2022.
             Was an Elder of Hepliaklqana.
             Killed from afar by a hell hog (38 damage)
             ... with a fireball
             ... in a volcano.
             The game lasted 00:28:31 (15178 turns).

freelancePsychic the Bludgeoner (Hill Orc Monk)    Turns: 15178, Time: 00:28:32

Health: -5/101     AC: 21    Str: 19    XL:     12   Next: 91%
Magic:  10/15      EV:  5    Int: 10    God:    Hepliaklqana [****..]
Gold:   607        SH: 11    Dex: 13    Spells: 11/11 levels left

rFire   . . .      SeeInvis .   a - +0 morningstar (drain)
rCold   . . .      Faith    .   i - +0 kite shield
rNeg    . . .      Spirit   .   E - +0 plate armour
rPois   .          Reflect  .   A - +2 hat {Will+}
rElec   .          Harm     .   (no cloak)
rCorr   +          Rampage  .   N - +0 pair of gloves
Will    +....                   x - +0 pair of boots
Stlth   ..........              d - amulet of magic regeneration
HPRegen 0.26/turn               e - +4 ring of protection
MPRegen 0.54/turn               j - ring of resist corrosion

@: studying Polearms
A: reduced essence
a: Renounce Religion, Recall Ancestor, Ancestor Identity, Transference, Idealise


You were in a volcano.
You worshipped Hepliaklqana.
Hepliaklqana was greatly pleased with you.
You visited 2 branches of the dungeon, and saw 12 of its levels.
You also visited: Bailey and Volcano.

You collected 860 gold pieces.
You spent 253 gold pieces at shops.

Inventory:

Hand Weapons
 a - a +0 morningstar of draining (weapon)
 b - a +3 whip of electrocution
 u - a +0 broad axe
Missiles
 g - 2 curare-tipped darts
 s - 19 poisoned darts (quivered)
 D - 2 throwing nets
Armour
 i - a +0 kite shield (worn)
 x - a +0 pair of boots (worn)
 A - a +2 hat of willpower (worn)
 E - a +0 plate armour (worn)
 N - a +0 pair of gloves (worn)
Jewellery
 c - a ring of flight
 d - an amulet of magic regeneration (around neck)
 e - a +4 ring of protection (left hand)
 j - a ring of resist corrosion (right hand)
Wands
 m - a wand of paralysis (15)
 t - a wand of digging (2)
 v - a wand of iceblast (10)
 y - a wand of acid (9)
 G - a wand of mindburst (4)
 J - a wand of flame (29)
Scrolls
 f - 4 scrolls of enchant weapon
 h - a scroll of vulnerability
 k - 4 scrolls of enchant armour
 l - a scroll of immolation
 p - a scroll of blinking
 r - 8 scrolls of teleportation {@r4}
 I - 2 scrolls of fear
 L - a scroll of holy word
 M - a scroll of amnesia
Potions
 n - 2 potions of lignification
 o - 3 potions of heal wounds {@q2}
 q - a potion of magic
 w - a potion of berserk rage
 z - 2 potions of flight
 B - a potion of attraction {unknown}
 C - 2 potions of curing {@q1}
 F - a potion of degeneration {unknown}
 H - 3 potions of haste {unknown}
 K - a potion of resistance
 O - a potion of mutation {unknown}


   Skills:
 + Level 12.6 Fighting
 - Level 5.4(12.7) Axes
 * Level 15.1(15.3) Maces & Flails
 - Level 1.0 Throwing
 + Level 6.0 Armour
 - Level 2.4 Dodging
 - Level 1.5 Stealth
 + Level 10.8 Shields
 - Level 4.5 Invocations


You had 11 spell levels left.
You didn't know any spells.
Your spell library contained the following spells:

 Spells                   Type           Power      Damage    Failure   Level
 Freeze                   Ice            0%         1d3       100%        1
 Sublimation of Blood     Necr           0%         N/A       100%        2
 Frozen Ramparts          Ice            0%         1d2       100%        3
 Gell's Gravitas          Tloc           0%         N/A       100%        3
 Teleport Other           Tloc           0%         N/A       100%        3
 Fulminant Prism          Conj/Hex       0%         3d6       100%        4
 Hailstorm                Conj/Ice       0%         3d3       100%        4
 Iskenderun's Mystic Bla  Conj/Tloc      0%         2d3       100%        4
 Petrify                  Tmut/Erth      0%         N/A       100%        4
 Summon Lightning Spire   Summ/Air       0%         N/A       100%        4
 Irradiate                Conj/Tmut      0%         3d13      100%        5
 Lee's Rapid Deconstruct  Erth           0%         3d5*      100%        5
 Dispersal                Tloc           0%         N/A       100%        6
 Storm Form               Tmut/Air       0%         N/A       100%        7
 Maxwell's Capacitive Co  Air            0%         ∞         100%        8


Dungeon Overview and Level Annotations

Branches:
Dungeon (10/15)            Temple (0/1) D:5            Lair (2/6) D:9
    Orc (0/2) D:9          Bailey (visited)         Volcano (1/1)
  Swamp: Lair:2-4    Shoals: Lair:2-4     Snake: Lair:2-4    Spider: Lair:2-4

Altars:
Gozag
Hepliaklqana
Zin

Shops:
D:1 *   D:4 (*?

Annotations:
Lair:2 Erica Volcano exclusion: obsidian statue


Message History

The hell hound bites you but does no damage.
The hell hog breathes fire at you.
The fireball explodes!
The fireball engulfs the hell hound.
The hell hound completely resists.
The fireball engulfs the hell hog.
The hell hog completely resists.
The fireball engulfs you.
The fireball engulfs the crimson imp.
The crimson imp completely resists.
The hell hound closely misses you.
You closely miss the hell hound.
The hell hound is heavily wounded.
Hepliaklqana grants D'ork healing and protection!
D'ork is healed somewhat.
The hell hog breathes fire at you.
The fireball explodes!
The fireball engulfs the hell hound.
The hell hound completely resists.
The fireball engulfs the hell hog.
The hell hog completely resists.
The fireball engulfs you!
The obsidian statue's eyes glow briefly.
The obsidian statue attempts to bespell you!
You easily resist.
You block the hell hound's attack.
D'ork is not nearby!
Unknown command.
You catch the helpless hell hound completely off-guard!
You puncture the hell hound!
You kill the hell hound!
The hell hog breathes fire at you.
The fireball explodes!
The fireball engulfs the crimson imp.
The crimson imp completely resists.
The fireball engulfs the hell hog.
The hell hog completely resists.
The fireball engulfs you!!
Select a target.
Press: ? - help, Dir - move target, f - crimson imp
Aim: a crimson imp (summoned)
The floor.
The crimson imp swaps with D'ork!
The hell hog is drained by nostalgia.
You can no longer drain nearby creatures when transferring your ancestor.
A fire dragon comes into view.
The hell hog breathes fire at D'ork.
The fireball explodes!
The fireball engulfs D'ork!
D'ork resists.
The fireball engulfs the hell hog.
The hell hog completely resists.
The fireball engulfs you!!!
You die...

##....§###8.8#
##...# ##.##
##.. #.#
########'#
##........# ###
#..##########8.
#.##≈#≈#≈#☼#hD
#.##≈#≈#≈#☼#R#
#..#≈#≈#≈#°#@#
#8#.......☼5##
###≈#≈#≈#≈#☼#
#≈#☼#≈#≈#☼#
#≈#☼#≈#≈#☼#
###########


You could see the friendly D'ork the battlemage (idealised), a fire dragon, an
obsidian statue, a hell hog (catching breath, drained, ally target) and a
crimson imp (summoned).

Vanquished Creatures
  Gastronok (Lair:1)
  A vault guard (Bailey)
  2 two-headed ogres (D:9)
  Pikel (D:5)
  A cyclops (D:9)
  2 cane toads
  An efreet (D:8)
  3 komodo dragons (Lair:1)
  Prince Ribbit (D:7)
  3 blink frogs
  A wyvern (D:4)
  2 fire bats (Volcano)
  3 humans (Bailey)
  A basilisk (D:9)
  3 steam dragons
  A vampire mosquito (D:8)
  Duvessa (D:7)
  Edmund (D:5)
  A hell hound (Volcano)
  2 orc warriors
  A black bear (D:6)
  A hornet zombie (D:5)
  An ice beast (D:7)
  2 sky beasts
  7 wolves
  3 ogres (D:5)
  2 centaurs
  2 phantoms
  3 gnoll sergeants
  4 bullfrogs (Bailey)
  A scorpion (D:4)
  A wyvern skeleton (D:7)
  A water moccasin skeleton (D:5)
  Dowan (D:7)
  3 killer bees
  2 wights (D:6)
  A howler monkey (D:8)
  A centaur zombie (D:7)
  3 lava snakes (Volcano)
  A bullfrog zombie (D:7)
  A hound (D:4)
  2 jellies
  A gnoll shaman (D:4)
  4 orc priests
  An iguana (D:4)
  7 orc wizards
  2 howler monkey zombies
  3 gnolls
  4 adders
  A shadow imp (D:5)
  An adder zombie (D:5)
  A worm (D:5)
  25 orcs
  3 ball pythons
  7 endoplasms
  5 giant cockroaches
  3 goblins
  9 hobgoblins
  6 kobolds
  5 quokkas (D:1)
  4 bats
  3 frilled lizards
  4 rats
175 creatures vanquished.

Vanquished Creatures (collateral kills)
  A hydra (Lair:1)
  A vault guard (Bailey)
  2 two-headed ogres (D:10)
  An elephant (Lair:1)
  A black mamba (Lair:1)
  Joseph (D:8)
  A cane toad (Lair:2)
  4 komodo dragons
  A troll (D:9)
  A merfolk (D:10)
  3 blink frogs (Lair:1)
  4 fire bats (Volcano)
  A wyvern (D:9)
  4 humans (Bailey)
  3 basilisks
  A steam dragon (D:9)
  Menkaure (D:7)
  A water moccasin (Lair:1)
  A sky beast (D:7)
  3 ogres
  A necrophage (D:7)
  A phantom (D:6)
  A centaur (D:8)
  A lemure (D:5)
  2 kobold brigands (D:9)
  8 bullfrogs
  3 gnoll sergeants (D:9)
  4 scorpions
  A wyvern skeleton (D:5)
  5 killer bees
  2 wights (D:6)
  2 howler monkeys
  A centaur zombie (D:9)
  3 lava snakes (Volcano)
  A jelly (D:5)
  2 orc priests
  3 hounds
  An iguana (D:4)
  5 orc wizards
  A howler monkey zombie (D:7)
  7 adders
  12 gnolls
  30 orcs
  An endoplasm (D:4)
  A giant cockroach (D:4)
  2 hobgoblins
  A kobold (D:4)
  4 quokkas
  2 ball pythons
  A bat (D:3)
  2 goblins (D:2)
147 creatures vanquished.

Vanquished Creatures (others)
  8 battlemagi
  9 fungi
  7 plants
24 creatures vanquished.

Grand Total: 346 creatures vanquished

Notes
Turn   | Place    | Note
-------+----------+-------------------------------------------
     0 | D:1      | freelancePsychic the Hill Orc Monk began the quest for the
                  | Orb.
     0 | D:1      | Reached XP level 1. HP: 19/19 MP: 1/1
   114 | D:1      | Reached XP level 2. HP: 18/27 MP: 2/2
   730 | D:1      | Reached skill level 5 in Axes
   804 | D:1      | Reached XP level 3. HP: 25/33 MP: 3/3
  1088 | D:1      | Found Axebep's General Store.
  1095 | D:1      | Bought 5 curare-tipped darts for 33 gold pieces
  1203 | D:1      | Found a faded altar of an unknown god.
  1392 | D:1      | Prayed at the altar of an unknown god.
  1392 | D:1      | Became a worshipper of Hepliaklqana the Forgotten
  1392 | D:1      | Reached * piety under Hepliaklqana
  1392 | D:1      | Reached ** piety under Hepliaklqana
  1393 | D:1      | Remembered your ancestor D'ork as a battlemage
  1529 | D:2      | Reached *** piety under Hepliaklqana
  1939 | D:2      | Reached XP level 4. HP: 33/36 MP: 4/4
  2173 | D:2      | Reached skill level 1 in Maces & Flails
  2177 | D:2      | Reached skill level 1 in Throwing
  2184 | D:2      | Reached skill level 1 in Shields
  2595 | D:3      | Reached XP level 5. HP: 42/42 MP: 5/5
  2781 | D:3      | Reached skill level 2 in Maces & Flails
  3002 | D:4      | Reached skill level 5 in Fighting
  3002 | D:4      | Reached skill level 3 in Maces & Flails
  3002 | D:4      | Reached XP level 6. HP: 50/50 MP: 6/6
  3157 | D:4      | Found Kiatee's Magic Scroll Boutique.
  3173 | D:4      | Noticed a wyvern
  3179 | D:4      | Killed a wyvern
  3180 | D:4      | Reached skill level 4 in Maces & Flails
  3180 | D:4      | Reached XP level 7. HP: 55/55 MP: 7/7
  3183 | D:4      | Bought a scroll of blinking for 97 gold pieces
  3183 | D:4      | Bought a scroll of fear for 45 gold pieces
  3183 | D:4      | Bought a scroll of identify for 26 gold pieces
  3195 | D:4      | Found Siuseabe's Antique Armour Shoppe.
  3299 | D:4      | You fall into a shaft and drop 1 floor!
  3299 | D:5      | Entered Level 5 of the Dungeon
  3335 | D:5      | Reached skill level 5 in Maces & Flails
  3338 | D:5      | Found a glowing silver altar of Zin.
  3369 | D:5      | Reached skill level 6 in Maces & Flails
  3369 | D:5      | Reached XP level 8. HP: 43/63 MP: 8/8
  3710 | D:5      | Reached **** piety under Hepliaklqana
  3956 | D:5      | Reached skill level 7 in Maces & Flails
  4076 | D:5      | Found an opulent altar of Gozag.
  4078 | D:5      | Noticed Pikel
  4096 | D:5      | Killed Pikel
  4097 | D:5      | Reached skill level 8 in Maces & Flails
  4097 | D:5      | Reached skill level 5 in Shields
  4097 | D:5      | Reached XP level 9. HP: 41/72 MP: 9/9
  4246 | D:5      | Found an opulent altar of Gozag.
  4246 | D:5      | Found an opulent altar of Gozag.
  4293 | D:5      | Found an opulent altar of Gozag.
  4372 | D:5      | Found a staircase to the Ecumenical Temple.
  4436 | D:5      | Noticed Edmund
  4456 | D:5      | Killed Edmund
  5302 | D:6      | Reached skill level 9 in Maces & Flails
  5466 | D:7      | Noticed Duvessa
  5586 | D:7      | Killed Duvessa
  5607 | D:7      | Noticed Dowan
  5614 | D:7      | Killed Dowan
  5681 | D:7      | Noticed Prince Ribbit
  5703 | D:7      | Killed Prince Ribbit
  5704 | D:7      | Reached skill level 10 in Maces & Flails
  5714 | D:7      | Reached XP level 10. HP: 64/81 MP: 10/10
  6220 | D:7      | Noticed Menkaure
  6227 | D:7      | Killed Menkaure
  6920 | D:8      | Reached skill level 11 in Maces & Flails
  6923 | D:8      | Noticed Joseph
  7152 | D:8      | Killed Joseph
  7244 | D:8      | Reached ***** piety under Hepliaklqana
  7319 | D:8      | Reached skill level 10 in Fighting
  7319 | D:8      | Reached skill level 1 in Invocations
  7689 | D:9      | Noticed a two-headed ogre
  7695 | D:9      | Killed a two-headed ogre
  8007 | D:9      | Noticed a cyclops
  8014 | D:9      | Killed a cyclops
  8173 | D:9      | Reached skill level 12 in Maces & Flails
  8173 | D:9      | Reached XP level 11. HP: 57/90 MP: 13/13
  8554 | D:9      | Found a staircase to the Orcish Mines.
  8901 | D:9      | Noticed a two-headed ogre
  8912 | D:9      | Killed a two-headed ogre
  9258 | D:9      | Reached skill level 1 in Armour
  9575 | D:9      | Found a staircase to the Lair.
  9828 | D:10     | Entered Level 10 of the Dungeon
  9828 | D:10     | Noticed a two-headed ogre
  9836 | D:10     | Killed a two-headed ogre
  9863 | D:10     | Reached skill level 13 in Maces & Flails
  9910 | D:10     | Found a flagged portal.
  9919 | Bailey   | Entered a bailey
 10183 | Bailey   | Noticed a vault guard
 10199 | Bailey   | Killed a vault guard
 10268 | Bailey   | Noticed a vault guard
 10283 | Bailey   | Killed a vault guard
 10575 | Bailey   | Reached XP level 12. HP: 43/99 MP: 11/15
 11159 | D:10     | Noticed a two-headed ogre
 11164 | D:10     | Killed a two-headed ogre
 11732 | Lair:1   | Entered Level 1 of the Lair of Beasts
 11759 | Lair:1   | Noticed a four-headed hydra
 11770 | Lair:1   | Killed a four-headed hydra
 11771 | Lair:1   | Reached skill level 14 in Maces & Flails
 11771 | Lair:1   | Reached skill level 10 in Shields
 12715 | Lair:1   | Noticed Gastronok
 12724 | Lair:1   | Killed Gastronok
 12725 | Lair:1   | Reached skill level 5 in Armour
 13873 | D:4      | Found Qoxuc's Antique Weapon Shop.
 13926 | D:4      | Found Yprexe's Assorted Antiques.
 13984 | D:4      | Bought a metallic sapphire potion for 16 gold pieces
 13984 | D:4      | Bought a scroll of identify for 36 gold pieces
 14395 | Lair:2   | Noticed Erica
 14707 | Lair:2   | Found a dark tunnel.
 14805 | Volcano  | Entered a volcano
 14838 | Volcano  | Reached skill level 15 in Maces & Flails
 15168 | Volcano  | Noticed a hell hog
 15178 | Volcano  | Noticed a fire dragon
 15178 | Volcano  | Killed from afar by a hell hog

Illustrated notes

Levels and vault maps discovered:
D:1:      dpeg_arrival_rooms_c, layout_basic,
          shapermc_ecumenical_altar_hornbeckon, serial_shops, shop
D:2:      layout_loops_ring
D:3:      layout_rooms, chequers_serial_rivers_room_b
D:4:      layout_rooms, serial_shops, shop, nicolae_shop_hallway_plus,
          nicolae_lakefront_shop, shop, minmay_manual_monstrance
D:5:      layout_loops_cross, nicolae_gozag_conspicuous_consumption,
          minmay_temple_entry_poolview, minmay_misc_feat_doors,
          minmay_ruined_shrine, uniq_pikel, uniq_edmund
D:6:      layout_loops_ring
D:7:      layout_rooms, uniq_prince_ribbit1, uniq_menkaure, uniq_duvessa
D:8:      layout_cave_pools, kennysheep_generic_room_6, uniq_joseph
D:9:      layout_stronghold, erik_lair_dragon,
          kennysheep_orc_monster_closet_entryway
D:10:     layout_loops_ring, enter_bailey_2, hangedman_fish_farm
Lair:1:   layout_small_grid, lemuel_fruit_tree, uniq_gastronok
Lair:2:   layout_regular_city, enter_volcano_4, ebering_ghost_disaster_area,
          grunt_megastairs_5, infiniplex_staircase_pool_2, uniq_erica
Volcano:  volcano_grotto [vgs_trial_by_fire]

Skill      XL: |  1  2  3  4  5  6  7  8  9 10 11 12 |
---------------+-------------------------------------+-----
Fighting       | 4 5 6 7 9 10 11 12 | 12.6
Axes           | 5 |  5.4
Maces & Flails | 1 3 4 6 8 10 12 13 15 | 15.1
Throwing       | 1 |  1.0
Shields        | 1 2 3 4 5 7 8 9 10 | 10.8
Invocations    | 3 4 |  4.5
Armour         | 3 6 |  6.0
Dodging        | |  2.4
Stealth        | |  1.5

Action                   |  1- 3 |  4- 6 |  7- 9 | 10-12 || total
-------------------------+-------+-------+-------+-------++-------
Melee: Hand axe          |    39 |       |       |       ||    39
       Whip              |    55 |    61 |   160 |    19 ||   295
       Punch             |     1 |       |       |       ||     1
       Morningstar       |       |       |    16 |   375 ||   391
Throw: Dart              |       |       |     4 |    10 ||    14
Invok: Ancestor Life: Ba |     1 |       |       |       ||     1
       Ancestor Identity |     1 |       |       |       ||     1
       Recall Ancestor   |       |       |     1 |     1 ||     2
       Transference      |       |       |       |     2 ||     2
       Idealise          |       |       |       |     8 ||     8
Evoke: Wand              |       |       |       |     6 ||     6
  Use: Scroll            |     1 |     2 |     5 |    10 ||    18
       Potion            |       |     1 |       |     5 ||     6
 Stab: Sleeping          |     9 |       |       |       ||     9
       Distracted        |       |     2 |     3 |     8 ||    13
Armor: Robe              |     9 |       |       |       ||     9
       Scale mail        |     1 |    36 |    53 |    45 ||   135
       Plate armour      |       |       |       |   144 ||   144
Dodge: Dodged            |    52 |    25 |    39 |   103 ||   219
Block: Kite shield       |       |    23 |    57 |   240 ||   320

Table legend: (Time is in decaauts)
 A = Elapsed time spent in this place.
 B = Non-inter-level travel time spent in this place.
 C = Inter-level travel time spent in this place.
 D = Time resting spent in this place.
 E = Time spent auto-exploring this place.
 F = Levels seen in this place.
 G = Mean time per level.
                   A        B        C        D        E       F      G
               +--------+--------+--------+--------+--------+-----+--------+
         Total |  15221 |  14281 |    940 |   1974 |  10118 |  14 | 1087.2 |
       Dungeon |  11606 |  10772 |    834 |    654 |   8494 |  10 | 1160.6 |
          Lair |   2214 |   2108 |    106 |    711 |   1084 |   2 | 1107.0 |
        Bailey |   1031 |   1031 |      0 |    387 |    486 |   1 | 1031.0 |
       Volcano |    369 |    369 |      0 |    222 |     53 |   1 |  369.0 |
               +--------+--------+--------+--------+--------+-----+--------+

Top non-repeatable levels by time:
     D:9: 2373 daAuts
  Lair:1: 1816 daAuts
     D:1: 1428 daAuts
     D:5: 1413 daAuts
     D:2: 1174 daAuts
     D:8: 1115 daAuts
     D:7: 1104 daAuts
  Bailey: 1031 daAuts
     D:4: 872 daAuts
     D:6: 858 daAuts
    D:10: 796 daAuts
     D:3: 468 daAuts
  Lair:2: 398 daAuts
 Volcano: 369 daAuts
